Map: Dreamcatcher LE

Players

TIME (Oliveira)

  • Race: Terran Terran
  • Spawn Location: 5:00

Stephano - Winner!

  • Race: Zerg Zerg
  • Spawn Location: 11:00

Event: WCS Montreal 2018

VOD

Have the link to the VOD?

Description

Time

  • Played on: Sept. 7, 2018, 9:44 p.m.
  • Length: 12:26

All games in this series

Show
View Real Time Build Order
Export as new Build Order

TIME Terran 

Build Orders: Reaper Expand, MMM Bio 

Get SALT Encoding   

  12  0:00  SCV  
  13  0:12  SCV  
  14  0:17  Supply Depot  
  14  0:25  SCV  
  15  0:38  SCV  
  15  0:39  Barracks  
  16  0:44  Refinery  
  16  0:50  SCV  
  17  1:03  SCV  
  18  1:15  SCV  
  19  1:27  Reaper, Orbital Command  
  20  1:40  Command Center  
  20  1:50  Supply Depot  
  20  1:53  SCV  
  21  1:58  Marine  
  22  2:05  SCV  
  22  2:07  Factory  
  23  2:12  Refinery  
  23  2:17  SCV  
  23  2:21  Barracks Reactor  
  24  2:29  SCV  
  25  2:41  SCV  
  26  2:53  SCV  
  27  3:01  Starport  
  27  3:03  Hellion  
  27  3:04  Hellion  
  31  3:06  SCV  
  31  3:07  Orbital Command  
  32  3:18  SCV  
  33  3:24  Hellion  
  33  3:25  Hellion  
  37  3:30  SCV  
  38  3:35  SCV  
  38  3:38  Supply Depot, Viking  
  41  3:42  SCV  
  41  3:47  SCV  
  45  3:48  Hellion  
  45  3:53  Barracks Tech Lab  
  45  3:56  Supply Depot  
  45  4:00  Liberator  
  47  4:04  SCV x2  
  47  4:08  Cyclone  
  53  4:10  Cyclone  
  53  4:16  SCV  
  54  4:19  Supply Depot  
  57  4:25  SCV  
  57  4:28  SCV  
  59  4:34  Stimpack  
  59  4:39  SCV  
  59  4:43  Command Center  
  59  4:44  Marine  
  61  4:47  SCV  
  62  4:53  SCV  
  63  5:01  Starport Reactor, Barracks  
  63  5:02  Marine  
  63  5:03  Barracks  
  63  5:04  Factory Tech Lab  
  65  5:07  SCV, Supply Depot  
  65  5:11  SCV  
  65  5:14  Engineering Bay x2  
  66  5:19  Marine  
  63  5:22  SCV  
  63  5:23  Refinery  
  63  5:24  Refinery  
  64  5:30  SCV  
  64  5:34  SCV  
  65  5:37  Marine  
  65  5:38  Siege Tank  
  65  5:42  Terran Infantry Weapons Level 1  
  69  5:43  SCV, Starport Reactor  
  65  5:50  Marine x2  
  65  5:52  Terran Infantry Armor Level 1  
  65  5:54  SCV  
  65  5:55  Marine  
  65  5:57  Marine x2  
  60  5:58  SCV  
  60  6:01  Orbital Command  
  60  6:07  SCV, Barracks x2  
  60  6:08  Marine  
  60  6:09  Marine  
  63  6:11  Siege Tank  
  63  6:13  Marine  
  63  6:14  Marine  
  68  6:19  SCV  
  68  6:21  Medivac  
  68  6:22  Marine  
  68  6:24  Medivac  
  68  6:25  SCV  
  75  6:26  Marine  
  75  6:27  Orbital Command  
  75  6:30  Marine  
  75  6:31  SCV, Marine  
  79  6:34  Armory, Marine  
  79  6:37  SCV  
  79  6:38  Combat Shields  
  81  6:43  SCV  
  81  6:44  Marine  
  81  6:45  Marine  
  84  6:48  Supply Depot  
  84  6:49  SCV  
  84  6:51  Marine  
  84  6:54  SCV  
  87  6:55  SCV, Marine  
  87  7:00  Barracks Reactor x2  
  87  7:01  SCV, Marine  
  90  7:06  SCV  
  90  7:07  SCV  
  93  7:09  Supply Depot x2  
  93  7:10  Supply Depot  
  93  7:12  Supply Depot  
  93  7:13  SCV  
  94  7:18  SCV  
  94  7:19  Marine x3  
  94  7:20  Siege Tank  
  100  7:24  SCV  
  101  7:30  Medivac x2, SCV, Refinery x2  
  101  7:34  Marine  
  101  7:36  SCV, Marine  
  99  7:37  SCV, Marine  
  99  7:38  Marine  
  99  7:39  Marine x2  
  99  7:41  Marine  
  99  7:43  Marine x2  
  88  7:52  Marine  
  88  7:54  Marine  
  88  7:55  Marine  
  88  7:56  Marine  
  88  7:57  Marine x2  
  86  8:00  Marine  
  86  8:01  Siege Tank  
  86  8:04  Marine x2  
  86  8:05  Medivac  
  87  8:06  SCV  
  87  8:07  SCV  
  87  8:08  SCV  
  87  8:12  Marine  
  91  8:18  Marine  
  92  8:20  SCV  
  92  8:22  SCV  
  92  8:23  SCV  
  92  8:24  Marine  
  94  8:27  Marine  
  94  8:28  Marine  
  94  8:32  Marine  
  94  8:33  SCV  
  97  8:34  SCV, Marine  
  97  8:35  SCV  
  97  8:37  Marine  
  101  8:44  Terran Infantry Weapons Level 2, Marine x2  
  101  8:45  SCV  
  101  8:47  Terran Infantry Armor Level 2  
  101  8:48  Marine  
  105  8:49  SCV  
  105  8:52  Supply Depot  
  105  8:55  Marine x2  
  108  8:56  Marine  
  109  9:13  Marine x4  
  109  9:14  SCV, Siege Tank  
  117  9:20  Supply Depot  
  117  9:21  Supply Depot  
  117  9:23  SCV  
  117  9:24  SCV, Marine x2  
  115  9:25  Marine  
  115  9:26  Medivac  
  115  9:28  Marine  
  115  9:29  Marine  
  115  9:31  SCV  
  117  9:32  Medivac, Marine x4  
  117  9:35  SCV  
  115  9:41  Marine  
  115  9:43  SCV  
  106  9:46  Marine  
  106  9:49  SCV  
  106  9:51  SCV  
  101  9:55  SCV  
  101  9:59  Marine  
  102  10:01  SCV  
  102  10:06  SCV, Marine x2  
  105  10:08  SCV  
  105  10:09  Marine  
  105  10:11  Marine  
  108  10:18  SCV  
  108  10:20  SCV  
  110  10:25  Marine x2  
  103  10:28  Marine  
  103  10:31  SCV  
  97  10:40  SCV x2, Marine x2  
  94  10:43  Marine x2  
  94  10:44  Marine  
  94  10:46  SCV  
  94  10:47  Marine  
  91  10:52  SCV  
  91  10:54  SCV  
  83  10:57  Marine  
  83  10:58  SCV  
  83  11:03  Marine  
  83  11:04  SCV  
  85  11:07  Marine  
  83  11:12  SCV  
  83  11:15  SCV  
  83  11:16  Marine  
  86  11:19  Marine  
  86  11:22  SCV  
  88  11:26  SCV  
  88  11:27  SCV  
  88  11:32  Supply Depot  
  90  11:35  Marine  
  90  11:36  Marine x2  
  90  11:37  SCV  
  92  11:41  SCV  
  92  11:43  SCV  
  92  11:44  Supply Depot  
  94  11:48  Marine x2  
  94  11:49  Marine  
  94  11:51  Marine  
  93  11:54  Marine  
  93  11:58  Marine x2  
  93  12:01  Marine x2  
  97  12:06  Marine  
  97  12:07  Supply Depot  
Show
View Real Time Build Order
Export as new Build Order

Stephano Zerg - Winner!

Build Orders: Pool First 

Get SALT Encoding   

  12  0:01  Drone  
  13  0:12  Overlord  
  13  0:17  Drone  
  14  0:31  Drone x2  
  14  0:35  Drone  
  17  0:45  Spawning Pool  
  17  0:48  Drone  
  17  1:08  Hatchery  
  17  1:10  Drone  
  17  1:25  Extractor  
  16  1:31  Zergling x6  
  16  1:32  Queen  
  21  1:44  Overlord  
  21  1:56  Drone  
  22  2:05  Drone  
  23  2:08  Queen  
  23  2:15  Drone  
  26  2:26  Drone x2  
  28  2:34  Drone  
  29  2:39  Drone  
  30  2:45  Drone  
  30  2:48  Hatchery  
  28  2:51  Drone x3  
  28  2:54  Drone, Metabolic Boost  
  31  3:02  Queen  
  33  3:08  Overlord  
  33  3:10  Drone  
  35  3:12  Drone  
  35  3:16  Drone  
  36  3:26  Overlord  
  36  3:28  Queen  
  36  3:29  Drone  
  36  3:30  Drone  
  36  3:31  Zergling x2  
  36  3:33  Zergling x2  
  42  3:40  Queen  
  44  3:47  Drone x3  
  44  3:48  Drone  
  48  3:49  Zergling x2  
  48  3:52  Overlord  
  49  3:59  Zergling x4  
  51  4:05  Drone x5  
  51  4:09  Spore Crawler  
  55  4:11  Queen  
  57  4:22  Zergling x6, Evolution Chamber  
  57  4:23  Evolution Chamber  
  58  4:25  Drone x2  
  60  4:32  Drone x3  
  60  4:37  Spore Crawler  
  62  4:39  Drone x4  
  66  4:47  Overlord  
  66  4:55  Overlord  
  66  4:59  Zerg Ground Armor Level 1  
  66  5:05  Queen x2, Overlord  
  70  5:15  Zergling x8  
  70  5:17  Overlord  
  73  5:28  Drone x9  
  75  5:29  Zerg Melee Weapons Level 1  
  81  5:41  Zergling x14  
  88  5:49  Drone  
  84  5:55  Drone x2  
  83  6:01  Extractor, Lair  
  83  6:02  Extractor  
  81  6:04  Baneling Nest  
  81  6:05  Drone x3  
  81  6:06  Extractor  
  82  6:12  Hatchery  
  82  6:13  Drone x2  
  82  6:15  Overlord x2  
  83  6:25  Zergling x10  
  86  6:42  Zergling x10, Hatchery  
  90  6:48  Zergling x2  
  90  6:49  Zergling x8  
  90  6:52  Baneling x2  
  90  6:53  Baneling x2  
  95  6:56  Zergling x4  
  95  7:00  Zergling x2  
  95  7:01  Zerg Ground Armor Level 2  
  98  7:03  Zergling x8  
  100  7:16  Zergling x2  
  100  7:17  Zergling x10  
  100  7:20  Zergling x2  
  105  7:23  Zerg Melee Weapons Level 2  
  104  7:30  Zergling x2  
  104  7:31  Zergling x12  
  106  7:40  Zergling x12  
  111  7:44  Centrifical Hooks  
  110  7:52  Zergling x4  
  110  7:57  Overlord x2  
  109  8:03  Infestation Pit  
  97  8:06  Zergling x16  
  97  8:07  Hatchery, Zergling x4  
  97  8:09  Drone x8  
  111  8:20  Zergling x6  
  111  8:21  Zergling x4  
  111  8:26  Zergling x6  
  117  8:34  Zergling x4  
  111  8:44  Overlord  
  111  8:49  Drone x5  
  111  8:50  Zergling x22  
  111  8:51  Baneling x13  
  127  8:56  Drone x3  
  127  8:57  Spore Crawler  
  127  8:59  Hive  
  127  9:03  Zergling x4  
  127  9:08  Zergling x14  
  134  9:14  Zergling x2  
  135  9:23  Zergling x22  
  139  9:31  Baneling x12  
  137  9:35  Zergling x16  
  134  9:47  Zergling x12  
  134  9:51  Zergling x6  
  134  9:52  Overlord x2  
  139  9:57  Hatchery  
  139  9:59  Overlord  
  138  10:00  Overlord  
  138  10:03  Overlord  
  136  10:20  Zergling x28  
  124  10:36  Zergling x2  
  124  10:37  Zergling x12  
  119  10:43  Zergling x2  
  119  10:44  Zergling x10  
  119  10:47  Spawning Pool  
  106  11:22  Overlord  
  100  11:33  Zergling x16  
  100  11:34  Zergling x42  
  100  11:37  Queen x2  
  100  11:39  Zergling x2  
  129  11:40  Baneling x13  
  129  11:42  Zergling x4  
  131  11:49  Zergling x8  
  129  11:55  Zergling x2  
  129  11:56  Zergling x8  
  129  12:00  Zergling x16  
  129  12:01  Zergling x8  
  146  12:07  Zergling x8  
Tags
 
Add a new tag
Caveats
  • Supply blocks, unpowered buildings, or Contaminate may cause inaccurate times.
  • Supply counts are checked every 10 seconds.